 Dungeon Crawl Stone Soup version 0.29.0-4-gdea44cf6ec (webtiles) character file.

Game seed: 786227572708848788

12863 qw the Severer (level 11, 0/102 HPs)
             Began as a Minotaur Berserker on Sept 7, 2022.
             Was an Elder of Trog.
             Succumbed to Sonja's poison
             ... on level 1 of the Lair of Beasts.
             The game lasted 00:04:14 (12228 turns).

qw the Severer (Minotaur Berserker)                Turns: 12228, Time: 00:04:15

Health: 0/102      AC: 22    Str: 33    XL:     11   Next: 68%
Magic:  10/10      EV: 11    Int: 12    God:    Trog [****..]
Gold:   381        SH:  5    Dex: 17    Spells: 10/10 levels left

rFire   . . .      SeeInvis .   k - +1 war axe (venom)
rCold   . . .      Faith    .   (no shield)
rNeg    + . .      Spirit   .   e - +1 plate armour {rN+}
rPois   .          Reflect  +   (helmet restricted)
rElec   .          Harm     .   c - +2 cloak {rCorr}
rCorr   +          Rampage  .   (no gloves)
Will    .....                   i - +2 pair of boots
Stlth   ..........              q - amulet "Menenked" {Reflect *Slow Fly Int+8 Dex+2 SH+5}
HPRegen 0.27/turn               m - +6 ring of strength
MPRegen 0.12/turn               l - +6 ring of dexterity

@: lethally poisoned (0 -> -62), about to teleport, on berserk cooldown, flying,
slowed, very slow
A: horns 2, retaliatory headbutt, noise suppression
a: Renounce Religion, Berserk, Trog's Hand, Brothers in Arms


You were on level 1 of the Lair of Beasts.
You worshipped Trog.
Trog was greatly pleased with you.
You visited 2 branches of the dungeon, and saw 11 of its levels.
You visited the Abyss 1 time.

You collected 621 gold pieces.
You spent 240 gold pieces at shops.


Innate Abilities, Weirdness & Mutations

You have a pair of horns on your head.
You reflexively headbutt those who attack you in melee.
You passively dampen the noise of your surroundings.


   Skills:
 - Level 11.2 Fighting
 - Level 16.0 Axes
 - Level 3.1 Throwing
 + Level 9.8 Armour
 - Level 6.0 Dodging


You had 10 spell levels left.
You didn't know any spells.
Your spell library was empty.

Inventory:

Hand Weapons
 d - a +0 morningstar
 k - a +1 war axe of venom (weapon)
Missiles
 r - 3 boomerangs (quivered)
Armour
 c - a +2 cloak of preservation (worn)
 e - a +1 plate armour of positive energy (worn)
 i - a +2 pair of boots (worn)
Jewellery
 l - a +6 ring of dexterity (right hand)
 m - a +6 ring of strength (left hand)
 q - the amulet "Menenked" (around neck) {Reflect *Slow Fly Int+8 Dex+2 SH+5}
   (You found it on level 7 of the Dungeon)

   [amulet of reflection]

   It reflects blocked missile attacks.
   Int:       It affects your intelligence (+8).
   Dex:       It affects your dexterity (+2).
   Fly:       It grants you flight.
   *Slow:     It may slow you when you take damage.
   SH:        It affects your SH (+5).
Scrolls
 h - a scroll of identify
 o - a scroll of teleportation
Potions
 a - a potion of curing
 f - 5 potions of might
 g - a potion of haste
 j - 2 potions of mutation
 p - a potion of cancellation

Dungeon Overview and Level Annotations

Branches:
Dungeon (10/15)            Temple (0/1) D:7            Lair (1/5) D:10
    Orc (0/2) D:10

Altars:
Dithmenos
Elyvilon
Fedhas
Nemelex Xobeh
Okawaru
Trog
Vehumet
Zin
The Shining One

Shops:
D:2 *   D:8 *

Annotations:
Lair:1 Sonja


Message History

The curare-tipped dart hits you.
You are more poisoned.
You have difficulty breathing.
You feel as though you will be slow longer.
Sonja mumbles some strange words.
Sonja blinks!
Sonja completely misses you.
Sonja hits you with a +2 dagger of venom.
Sonja misses you.
You closely miss Sonja.
You feel very sick. Sonja hits you but does no damage.
You are more poisoned.
Sonja closely misses you. Sonja hits you but does no damage.
You are more poisoned.
You closely miss Sonja.
You feel extremely sick. Sonja hits you but does no damage. x3
You are more poisoned.
Sonja hits you but does no damage. x2
You are more poisoned.
Sonja hits you with a +2 dagger of venom.
You completely miss Sonja. Your headbutt misses Sonja.
You feel extremely sick. Sonja hits you but does no damage.
You are more poisoned.
Sonja hits you with a +2 dagger of venom.
Sonja hits you but does no damage.
You are more poisoned.
You miss Sonja. Your headbutt misses Sonja. Your punch misses Sonja.
You feel extremely sick. Sonja hits you but does no damage.
You are more poisoned.
You block Sonja's attack. Sonja barely misses you.
Sonja hits you with a +2 dagger of venom!
You are more poisoned.
Sonja hits you but does no damage. Sonja completely misses you.
12228 ||| READING 2 scrolls of teleportation.
As you read the scroll of teleportation, it crumbles to dust.
You feel strangely unstable.
You die...

...# #.P##.##...
#..###......... ..
#..##........# ...
#..#.'.....## #.+
#.......#..#
####.####....8.(..##
.................##
............#...%K#.#...
.............###@......#
.......<.......#...8...#
...............#.).....#
.................8...8.#
.......................#
##+#+........#.....8....
...+....###.........
....#....# #...#.#...
..... >...#


You could see Sonja.

Vanquished Creatures
  Erolcha (D:10)
  3 two-headed ogres
  A thrashing horror (Abyss:1)
  Joseph (D:7)
  A large abomination (Abyss:1)
  A cane toad (Lair:1)
  A komodo dragon (D:10)
  5 hellwings (Abyss:1)
  An ancient zyme (Abyss:1)
  2 hornets
  Prince Ribbit (D:8)
  3 raiju (Abyss:1)
  2 starcursed masses (D:10)
  Sigmund (D:2)
  A culicivora (shapeshifter) (D:9)
  2 wyverns
  Grum (D:8)
  A chaos spawn (Abyss:1)
  A steam dragon (D:8)
  2 water moccasins
  8 orc warriors
  2 black bears
  2 sky beasts (D:7)
  2 ogres
  6 centaurs
  2 wolves (D:8)
  2 phantoms (D:5)
  2 small abominations (Abyss:1)
  5 scorpions
  2 bullfrogs
  10 killer bees (D:10)
  A troll skeleton (D:9)
  6 spriggan skeletons (D:9)
  3 howler monkeys
  2 gnoll boudas
  9 orc priests
  3 hounds
  Crazy Yiuf (D:3)
  Jessica (D:3)
  2 iguanas
  Terence (D:2)
  15 orc wizards
  13 gnolls
  3 adders
  A shadow imp (D:8)
  A white imp (D:8)
  2 ufetubi
  2 worms
  4 dart slugs
  35 orcs
  9 ball pythons
  2 bats
  9 endoplasms
  6 giant cockroaches
  9 goblins
  5 hobgoblins
  11 kobolds
  9 quokkas
  3 frilled lizards
  3 rats
246 creatures vanquished.

Vanquished Creatures (others)
  10 plants (D:10)
10 creatures vanquished.

Grand Total: 256 creatures vanquished

Notes
Turn   | Place    | Note
-------+----------+-------------------------------------------
     0 | D:1      | qw the Minotaur Berserker began the quest for the Orb.
     0 | D:1      | Reached XP level 1. HP: 19/19 MP: 0/0
     0 | D:1      | 0 ||| qw: Version: 0.1-a-108-g9e35731
     0 | D:1      | 0 ||| qw: Game counter: 6459
     0 | D:1      | 0 ||| qw: Always use a shield: true
     0 | D:1      | 0 ||| qw: Do Orc after D:15 true
     0 | D:1      | 0 ||| qw: Do second Lair branch before Depths: true
     0 | D:1      | 0 ||| qw: Lair rune preference: random
     0 | D:1      | 0 ||| qw: Plans: Normal
     0 | D:1      | 0 ||| PLANNING D:1-11
   204 | D:1      | Reached skill level 4 in Axes
   226 | D:1      | 226 ||| INVOKING Berserk.
   228 | D:1      | Reached XP level 2. HP: 15/26 MP: 1/1
   420 | D:1      | Found a faded altar of an unknown god.
   562 | D:1      | 562 ||| Stepping ~*~*~tactically~*~*~ (stealth).
   569 | D:1      | 569 ||| Stepping ~*~*~tactically~*~*~ (stealth).
   573 | D:1      | 573 ||| Stepping ~*~*~tactically~*~*~ (stealth).
   575 | D:1      | 575 ||| Stepping ~*~*~tactically~*~*~ (stealth).
   764 | D:1      | 764 ||| Stepping ~*~*~tactically~*~*~ (stealth).
   769 | D:1      | 769 ||| Stepping ~*~*~tactically~*~*~ (stealth).
   771 | D:1      | 771 ||| Stepping ~*~*~tactically~*~*~ (stealth).
   774 | D:1      | Reached skill level 5 in Axes
   854 | D:1      | 854 ||| Stepping ~*~*~tactically~*~*~ (stealth).
   856 | D:1      | 856 ||| Stepping ~*~*~tactically~*~*~ (stealth).
   858 | D:1      | 858 ||| Stepping ~*~*~tactically~*~*~ (stealth).
   867 | D:1      | 867 ||| DROPPING +0 club.
   904 | D:1      | Reached XP level 3. HP: 31/31 MP: 2/2
  1066 | D:1      | 1066 ||| INVOKING Berserk.
  1247 | D:1      | 1247 ||| UPGRADING to +0 ring mail.
  1257 | D:1      | 1257 ||| DROPPING +0 animal skin.
  1258 | D:1      | 1258 ||| UPGRADING to +6 ring of intelligence.
  1259 | D:1      | 1259 ||| READING scroll labelled INAQUT LUUPN.
  1260 | D:1      | 1260 ||| READING scroll labelled ISAEKY BIOVAN.
  1261 | D:1      | 1261 ||| DRINKING 2 red potions.
  1357 | D:2      | Noticed Terence
  1362 | D:2      | 1362 ||| INVOKING Berserk.
  1368 | D:2      | Killed Terence
  1484 | D:2      | Found Esups's Assorted Antiques.
  1489 | D:2      | 1489 ||| Stepping ~*~*~tactically~*~*~ (stealth).
  1518 | D:2      | 1518 ||| SHOPLISTING glowing hand axe (162 gold, have 53).
  1518 | D:2      | 1518 ||| BUYING sapphire potion (24 gold).
  1518 | D:2      | Bought a sapphire potion for 24 gold pieces
  1518 | D:2      | 1518 ||| BUYING scroll labelled BUEWON QEWUNOM (27 gold).
  1518 | D:2      | Bought a scroll labelled BUEWON QEWUNOM for 27 gold pieces
  1518 | D:2      | 1518 ||| SHOPLISTING scroll labelled PAIGOS OREXKO (27
                  | gold, have 2).
  1518 | D:2      | 1518 ||| SHOPLISTING scroll labelled ZUWINY PEVERCHE (27
                  | gold, have 2).
  1628 | D:2      | Noticed Sigmund
  1629 | D:2      | 1629 ||| Stepping ~*~*~tactically~*~*~ (hiding).
  1633 | D:2      | 1633 ||| INVOKING Berserk.
  1634 | D:2      | Reached XP level 4. HP: 39/39 MP: 3/3
  1637 | D:2      | Killed Sigmund
  1638 | D:2      | Reached skill level 7 in Axes
  1638 | D:2      | Reached XP level 5. HP: 45/45 MP: 4/4
  1835 | D:2      | Identified the ring "Tatouluh" {rN+ Int+6 Dex+4}
  1986 | D:2      | 1986 ||| UPGRADING to +0 chain mail.
  1996 | D:2      | 1996 ||| DROPPING +0 ring mail.
  1997 | D:2      | 1997 ||| UPGRADING to ring "Tatouluh" {rN+ Int+6 Dex+4}.
  1998 | D:2      | 1998 ||| REMOVING +6 ring of intelligence.
  1999 | D:2      | 1999 ||| DROPPING +6 ring of intelligence.
  2000 | D:2      | 2000 ||| READING scroll labelled BUEWON QEWUNOM.
  2001 | D:2      | 2001 ||| READING scroll labelled JASEUD URHEKLU.
  2002 | D:2      | 2002 ||| READING scroll labelled TAENYOWNYFIKK.
  2221 | D:3      | Found a runed translucent door.
  2222 | D:3      | Noticed Crazy Yiuf
  2270 | D:3      | 2270 ||| Stepping ~*~*~tactically~*~*~ (stealth).
  2271 | D:3      | 2271 ||| Stepping ~*~*~tactically~*~*~ (stealth).
  2274 | D:3      | 2274 ||| Stepping ~*~*~tactically~*~*~ (stealth).
  2338 | D:3      | 2338 ||| Stepping ~*~*~tactically~*~*~ (stealth).
  2373 | D:3      | 2373 ||| DROPPING +0 mace.
  2383 | D:3      | Noticed Jessica
  2387 | D:3      | Killed Jessica
  2388 | D:3      | Reached skill level 8 in Axes
  2388 | D:3      | Reached XP level 6. HP: 44/52 MP: 5/5
  2389 | D:3      | Reached ** piety under Trog
  3037 | D:3      | 3037 ||| READING 2 scrolls labelled OREOSHR XUQUDD.
  3038 | D:3      | 3038 ||| READING scroll labelled ZUWINY PEVERCHE.
  3039 | D:3      | 3039 ||| READING scroll labelled YFRE KOTHIA.
  3040 | D:3      | 3040 ||| READING 2 scrolls labelled DAIRURR WEAZIM.
  3041 | D:3      | 3041 ||| READING scroll labelled UTHAFA CAGHI.
  3042 | D:3      | 3042 ||| DROPPING scroll of immolation.
  3043 | D:3      | 3043 ||| DROPPING scroll of magic mapping.
  3044 | D:3      | 3044 ||| Stepping randomly (stuck).
  3045 | D:3      | 3045 ||| INVOKING Berserk.
  3046 | D:3      | Killed Crazy Yiuf
  3165 | D:3      | 3165 ||| UPGRADING to +1 cloak of preservation.
  3170 | D:3      | 3170 ||| READING scroll of enchant armour.
  3170 | D:3      | 3170 ||| ENCHANTING +1 cloak of preservation.
  3395 | D:4      | 3395 ||| Stepping ~*~*~tactically~*~*~ (hiding).
  3401 | D:4      | 3401 ||| INVOKING Berserk.
  3508 | D:4      | 3508 ||| Stepping ~*~*~tactically~*~*~ (stealth).
  3509 | D:4      | 3509 ||| Stepping ~*~*~tactically~*~*~ (stealth).
  3510 | D:4      | 3510 ||| Stepping ~*~*~tactically~*~*~ (stealth).
  3511 | D:4      | 3511 ||| Stepping ~*~*~tactically~*~*~ (stealth).
  3515 | D:4      | 3515 ||| Stepping ~*~*~tactically~*~*~ (stealth).
  3518 | D:4      | 3518 ||| Stepping ~*~*~tactically~*~*~ (hiding).
  3519 | D:4      | 3519 ||| Stepping ~*~*~tactically~*~*~ (hiding).
  3524 | D:4      | 3524 ||| Stepping ~*~*~tactically~*~*~ (hiding).
  3526 | D:4      | 3526 ||| INVOKING Berserk.
  3531 | D:4      | Reached skill level 9 in Axes
  3539 | D:4      | Reached skill level 3 in Armour
  3622 | D:4      | 3622 ||| DROPPING +1 vorpal mace.
  3771 | D:4      | 3771 ||| INVOKING Berserk.
  3776 | D:4      | Reached XP level 7. HP: 61/61 MP: 6/6
  3979 | D:4      | 3979 ||| READING scroll of brand weapon.
  3979 | D:4      | 3979 ||| BRANDING +0 hand axe of draining.
  4196 | D:4      | 4196 ||| Stepping ~*~*~tactically~*~*~ (stealth).
  4198 | D:4      | 4198 ||| FLEEEEING.
  4199 | D:4      | 4199 ||| FLEEEEING.
  4200 | D:4      | 4200 ||| FLEEEEING.
  4201 | D:4      | 4201 ||| FLEEEEING.
  4202 | D:4      | 4202 ||| FLEEEEING.
  4203 | D:4      | 4203 ||| FLEEEEING.
  4204 | D:4      | 4204 ||| FLEEEEING.
  4205 | D:4      | 4205 ||| FLEEEEING.
  4206 | D:4      | 4206 ||| FLEEEEING.
  4211 | D:4      | 4211 ||| FLEEEEING.
  4212 | D:4      | 4212 ||| FLEEEEING.
  4213 | D:4      | 4213 ||| FLEEEEING.
  4220 | D:4      | 4220 ||| FLEEEEING.
  4221 | D:4      | 4221 ||| FLEEEEING.
  4222 | D:4      | 4222 ||| FLEEEEING.
  4227 | D:4      | 4227 ||| FLEEEEING.
  4228 | D:4      | 4228 ||| FLEEEEING.
  4229 | D:4      | 4229 ||| FLEEEEING.
  4230 | D:4      | 4230 ||| FLEEEEING.
  4231 | D:4      | 4231 ||| FLEEEEING.
  4232 | D:4      | 4232 ||| FLEEEEING.
  4233 | D:4      | 4233 ||| FLEEEEING.
  4234 | D:4      | 4234 ||| FLEEEEING.
  4243 | D:4      | 4243 ||| STAIRDANCE
  4419 | D:3      | 4419 ||| UPGRADING to +2 scale mail of cold resistance.
  4429 | D:3      | 4429 ||| DROPPING +0 chain mail.
  4430 | D:3      | 4430 ||| UPGRADING to +0 pair of boots.
  4435 | D:3      | 4435 ||| UPGRADING to +0 plate armour.
  4445 | D:3      | 4445 ||| DROPPING +2 scale mail of cold resistance.
  4446 | D:3      | 4446 ||| UPGRADING to +6 ring of dexterity.
  4447 | D:3      | 4447 ||| DRINKING 2 yellow potions.
  4490 | D:4      | 4490 ||| Stepping ~*~*~tactically~*~*~ (hiding).
  4494 | D:4      | 4494 ||| INVOKING Berserk.
  4630 | D:4      | 4630 ||| SWAPPING to +0 war axe.
  4634 | D:4      | 4634 ||| DROPPING +0 vorpal hand axe.
  4847 | D:4      | 4847 ||| Stepping ~*~*~tactically~*~*~ (stealth).
  4848 | D:4      | 4848 ||| Stepping ~*~*~tactically~*~*~ (stealth).
  4892 | D:4      | 4892 ||| DRINKING 2 sapphire potions.
  4893 | D:4      | 4893 ||| READING 2 scrolls of identify.
  4893 | D:4      | 4893 ||| IDENTIFYING pink potion
  4894 | D:4      | 4894 ||| DROPPING potion of attraction.
  4937 | D:5      | Entered Level 5 of the Dungeon
  4953 | D:5      | Reached skill level 10 in Axes
  4957 | D:5      | 4957 ||| FLEEEEING.
  4958 | D:5      | 4958 ||| FLEEEEING.
  4959 | D:5      | 4959 ||| FLEEEEING.
  4960 | D:5      | 4960 ||| FLEEEEING.
  4961 | D:5      | 4961 ||| FLEEEEING.
  4962 | D:5      | 4962 ||| FLEEEEING.
  4963 | D:5      | 4963 ||| FLEEEEING.
  4964 | D:5      | 4964 ||| STAIRDANCE
  4998 | D:4      | 4998 ||| READING scroll labelled KUJACUGEITS.
  5007 | D:5      | 5007 ||| Stepping ~*~*~tactically~*~*~ (stealth).
  5008 | D:5      | 5008 ||| INVOKING Berserk.
  5015 | D:5      | Reached XP level 8. HP: 68/68 MP: 7/7
  5131 | D:5      | 5131 ||| READING scroll of brand weapon.
  5131 | D:5      | 5131 ||| BRANDING +0 war axe.
  5142 | D:5      | 5142 ||| Stepping ~*~*~tactically~*~*~ (stealth).
  5145 | D:5      | 5145 ||| INVOKING Berserk.
  5288 | D:5      | Reached skill level 3 in Dodging
  5457 | D:5      | 5457 ||| INVOKING Berserk.
  5471 | D:5      | Reached *** piety under Trog
  5474 | D:5      | HP: 17/70 [poisoned by a gnoll]
  5475 | D:5      | 5475 ||| DRINKING 3 potions of heal wounds.
  5477 | D:5      | 5477 ||| DRINKING 2 potions of heal wounds.
  5480 | D:5      | HP: 14/70 [poisoned by a gnoll]
  5480 | D:5      | HP: 6/70 [gnoll/+2 halberd of venom[a gnoll bouda] (8)]
  5481 | D:5      | 5481 ||| DRINKING potion of heal wounds.
  5483 | D:5      | 5483 ||| DRINKING potion of curing.
  5483 | D:5      | 5483 ||| (to cure poison)
  5827 | D:5      | 5827 ||| Stepping ~*~*~tactically~*~*~ (hiding).
  5834 | D:5      | Reached skill level 6 in Fighting
  5871 | D:5      | 5871 ||| Stepping ~*~*~tactically~*~*~ (stealth).
  5873 | D:5      | 5873 ||| Stepping ~*~*~tactically~*~*~ (stealth).
  5888 | D:5      | 5888 ||| Stepping ~*~*~tactically~*~*~ (stealth).
  5891 | D:5      | 5891 ||| Stepping ~*~*~tactically~*~*~ (stealth).
  5974 | D:5      | 5974 ||| Stepping ~*~*~tactically~*~*~ (stealth).
  5975 | D:5      | 5975 ||| Stepping ~*~*~tactically~*~*~ (stealth).
  6010 | D:5      | 6010 ||| Stepping ~*~*~tactically~*~*~ (stealth).
  6096 | D:5      | 6096 ||| INVOKING Berserk.
  6174 | D:5      | Found a blossoming altar of Fedhas.
  6320 | D:5      | Reached skill level 1 in Throwing
  6321 | D:5      | 6321 ||| READING scroll labelled PAIGOS OREXKO.
  6456 | D:5      | 6456 ||| DRINKING 2 murky grey potions.
  6456 | D:5      | Gained mutation: You passively dampen the noise of your
                  | surroundings. [potion of mutation]
  6457 | D:5      | 6457 ||| READING 2 scrolls of identify.
  6457 | D:5      | 6457 ||| IDENTIFYING bubbling ruby potion
  6458 | D:5      | 6458 ||| DROPPING potion of degeneration.
  6459 | D:5      | 6459 ||| Stepping randomly (stuck).
  6461 | D:5      | 6461 ||| Stepping randomly (stuck).
  6463 | D:5      | 6463 ||| Stepping randomly (stuck).
  6464 | D:5      | 6464 ||| Stepping randomly (stuck).
  6480 | D:5      | Reached skill level 11 in Axes
  6485 | D:5      | 6485 ||| INVOKING Berserk.
  6600 | D:5      | 6600 ||| READING 2 scrolls of identify.
  6600 | D:5      | 6600 ||| IDENTIFYING bubbling coppery potion
  6601 | D:5      | 6601 ||| DROPPING potion of brilliance.
  6729 | D:6      | Found an iron altar of Okawaru.
  6749 | D:6      | 6749 ||| INVOKING Berserk.
  7028 | D:6      | 7028 ||| INVOKING Berserk.
  7035 | D:6      | Reached XP level 9. HP: 75/75 MP: 8/8
  7155 | D:6      | Reached skill level 12 in Axes
  7510 | D:6      | 7510 ||| UPGRADING to +6 ring of strength.
  7545 | D:7      | Found a bloodstained altar of Trog.
  7634 | D:7      | Identified the amulet "Menenked" {Reflect *Slow Fly Int+8
                  | Dex+2 SH+5}
  7756 | D:7      | Found a shadowy altar of Dithmenos.
  7818 | D:7      | 7818 ||| Stepping ~*~*~tactically~*~*~ (hiding).
  7824 | D:7      | 7824 ||| Stepping ~*~*~tactically~*~*~ (hiding).
  7828 | D:7      | 7828 ||| INVOKING Berserk.
  7937 | D:7      | 7937 ||| Stepping ~*~*~tactically~*~*~ (stealth).
  7939 | D:7      | 7939 ||| Stepping ~*~*~tactically~*~*~ (hiding).
  8176 | D:7      | Found a staircase to the Ecumenical Temple.
  8203 | D:7      | 8203 ||| Stepping ~*~*~tactically~*~*~ (hiding).
  8212 | D:7      | 8212 ||| INVOKING Berserk.
  8217 | D:7      | Reached skill level 6 in Armour
  8227 | D:7      | 8227 ||| Stepping ~*~*~tactically~*~*~ (stealth).
  8336 | D:7      | Noticed Joseph
  8337 | D:7      | 8337 ||| Stepping ~*~*~tactically~*~*~ (hiding).
  8339 | D:7      | 8339 ||| Stepping ~*~*~tactically~*~*~ (hiding).
  8350 | D:7      | 8350 ||| INVOKING Berserk.
  8351 | D:7      | Killed Joseph
  8352 | D:7      | Reached skill level 13 in Axes
  8825 | D:7      | 8825 ||| UPGRADING to amulet "Menenked" {Reflect *Slow Fly
                  | Int+8 Dex+2 SH+5}.
  8830 | D:7      | 8830 ||| UPGRADING to +6 ring of dexterity.
  8832 | D:7      | 8832 ||| DROPPING ring "Tatouluh" {rN+ Int+6 Dex+4}.
  8833 | D:7      | 8833 ||| READING 2 scrolls of identify.
  8833 | D:7      | 8833 ||| IDENTIFYING bubbling red potion
  8834 | D:7      | 8834 ||| DROPPING potion of invisibility.
  8914 | D:8      | 8914 ||| INVOKING Berserk.
  8917 | D:8      | Reached skill level 3 in Throwing
  9063 | D:8      | Noticed a two-headed ogre
  9067 | D:8      | 9067 ||| INVOKING Berserk.
  9069 | D:8      | Killed a two-headed ogre
  9070 | D:8      | Reached skill level 9 in Fighting
  9070 | D:8      | Reached XP level 10. HP: 91/91 MP: 9/9
  9191 | D:8      | Found a radiant altar of Vehumet.
  9227 | D:8      | Found Cogycul's General Store.
  9235 | D:8      | 9235 ||| BUYING potion of might (56 gold).
  9235 | D:8      | Bought a potion of might for 56 gold pieces
  9235 | D:8      | 9235 ||| BUYING scroll of enchant weapon (105 gold).
  9235 | D:8      | Bought a scroll of enchant weapon for 105 gold pieces
  9235 | D:8      | 9235 ||| BUYING scroll of identify (28 gold).
  9235 | D:8      | Bought a scroll of identify for 28 gold pieces
  9235 | D:8      | 9235 ||| READING scroll of enchant weapon.
  9235 | D:8      | 9235 ||| ENCHANTING +0 war axe of venom.
  9336 | D:8      | 9336 ||| READING scroll of enchant armour.
  9336 | D:8      | 9336 ||| ENCHANTING +0 pair of boots.
  9396 | D:8      | 9396 ||| READING scroll of enchant armour.
  9396 | D:8      | 9396 ||| ENCHANTING +1 pair of boots.
  9461 | D:8      | 9461 ||| Stepping ~*~*~tactically~*~*~ (stealth).
  9463 | D:8      | 9463 ||| Stepping ~*~*~tactically~*~*~ (stealth).
  9468 | D:8      | 9468 ||| INVOKING Berserk.
  9584 | D:8      | Noticed Grum
  9585 | D:8      | 9585 ||| INVOKING Berserk.
  9588 | D:8      | Killed Grum
  9763 | D:8      | Noticed Prince Ribbit
  9766 | D:8      | Killed Prince Ribbit
  9767 | D:8      | Reached skill level 14 in Axes
  9888 | D:8      | 9888 ||| READING 3 scrolls of identify.
  9888 | D:8      | 9888 ||| IDENTIFYING viscous dark potion
  9889 | D:8      | 9889 ||| READING 2 scrolls of identify.
  9889 | D:8      | 9889 ||| IDENTIFYING smoky yellow potion
  9900 | D:9      | Noticed a two-headed ogre
  9905 | D:9      | 9905 ||| INVOKING Berserk.
  9908 | D:9      | Killed a two-headed ogre
  9909 | D:9      | 9909 ||| STAIRDANCE
 10007 | D:9      | Noticed a two-headed ogre
 10011 | D:9      | 10011 ||| INVOKING Berserk.
 10013 | D:9      | Killed a two-headed ogre
 10194 | D:9      | 10194 ||| Stepping ~*~*~tactically~*~*~ (hiding).
 10195 | D:9      | 10195 ||| Stepping ~*~*~tactically~*~*~ (stealth).
 10200 | D:9      | 10200 ||| Stepping ~*~*~tactically~*~*~ (hiding).
 10201 | D:9      | 10201 ||| Stepping ~*~*~tactically~*~*~ (hiding).
 10240 | D:9      | 10240 ||| Stepping ~*~*~tactically~*~*~ (stealth).
 10292 | D:9      | 10292 ||| Stepping ~*~*~tactically~*~*~ (hiding).
 10293 | D:9      | 10293 ||| Stepping ~*~*~tactically~*~*~ (hiding).
 10413 | D:9      | 10413 ||| Stepping ~*~*~tactically~*~*~ (hiding).
 10424 | D:9      | 10424 ||| DRINKING 3 potions of curing.
 10424 | D:9      | 10424 ||| (to cure confusion)
 10433 | D:9      | 10433 ||| READING scroll of enchant armour.
 10433 | D:9      | 10433 ||| ENCHANTING +0 plate armour.
 10483 | D:9      | Reached **** piety under Trog
 10484 | D:9      | Reached skill level 15 in Axes
 10640 | D:9      | Found a sparkling altar of Nemelex Xobeh.
 10760 | D:9      | Found a glowing golden altar of the Shining One.
 10761 | D:9      | Found a white marble altar of Elyvilon.
 10762 | D:9      | Found a glowing silver altar of Zin.
 10853 | D:9      | 10853 ||| DROPPING ring of resist corrosion.
 10854 | D:9      | 10854 ||| DRINKING 2 murky golden potions.
 10855 | D:9      | 10855 ||| READING 2 scrolls of identify.
 10855 | D:9      | 10855 ||| IDENTIFYING bubbling white potion
 10856 | D:9      | 10856 ||| DROPPING potion of lignification.
 10857 | D:9      | 10857 ||| DROPPING potion of flight.
 10892 | D:10     | Entered Level 10 of the Dungeon
 11105 | D:10     | 11105 ||| INVOKING Berserk.
 11116 | D:10     | Reached XP level 11. HP: 97/97 MP: 10/10
 11176 | D:10     | Found a staircase to the Orcish Mines.
 11270 | D:10     | Noticed Erolcha
 11279 | Abyss:1  | Cast into level 1 of the Abyss (Erolcha)
 11280 | Abyss:1  | 11280 ||| INVOKING Trog's Hand.
 11304 | Abyss:1  | 11304 ||| UPGRADING to +1 plate armour of positive energy.
 11318 | Abyss:1  | 11318 ||| DROPPING +1 plate armour.
 11376 | Abyss:1  | Noticed a thrashing horror
 11377 | Abyss:1  | Reached skill level 16 in Axes
 11383 | Abyss:1  | Killed a thrashing horror
 11395 | Abyss:1  | 11395 ||| INVOKING Berserk.
 11404 | Abyss:1  | 11404 ||| INVOKING Trog's Hand.
 11439 | Abyss:1  | Reached skill level 9 in Armour
 11439 | Abyss:1  | 11439 ||| INVOKING Trog's Hand.
 11440 | Abyss:1  | 11440 ||| Stepping ~*~*~tactically~*~*~ (stealth).
 11442 | Abyss:1  | 11442 ||| Stepping ~*~*~tactically~*~*~ (stealth).
 11484 | Abyss:1  | 11484 ||| Stepping ~*~*~tactically~*~*~ (stealth).
 11488 | Abyss:1  | 11488 ||| Stepping ~*~*~tactically~*~*~ (stealth).
 11519 | Abyss:1  | 11519 ||| Stepping ~*~*~tactically~*~*~ (hiding).
 11526 | Abyss:1  | Noticed a starcursed mass
 11527 | Abyss:1  | Reached skill level 6 in Dodging
 11527 | Abyss:1  | 11527 ||| Stepping ~*~*~tactically~*~*~ (hiding).
 11546 | D:10     | Escaped the Abyss
 11547 | D:10     | 11547 ||| INVOKING Trog's Hand.
 11548 | D:10     | 11548 ||| INVOKING Berserk.
 11550 | D:10     | Killed a starcursed mass
 11550 | D:10     | Killed a starcursed mass
 11555 | D:10     | Killed Erolcha
 11701 | D:10     | 11701 ||| Stepping ~*~*~tactically~*~*~ (hiding).
 11703 | D:10     | 11703 ||| DRINKING 2 potions of curing.
 11703 | D:10     | 11703 ||| (to cure confusion)
 11708 | D:10     | 11708 ||| INVOKING Berserk.
 11936 | D:10     | Found a staircase to the Lair.
 11951 | D:10     | 11951 ||| INVOKING Berserk.
 12161 | D:10     | 12161 ||| PLANNING LAIR
 12198 | Lair:1   | Entered Level 1 of the Lair of Beasts
 12213 | Lair:1   | Noticed Sonja
 12216 | Lair:1   | 12216 ||| INVOKING Berserk.
 12227 | Lair:1   | HP: 19/102 [Sonja/+2 dagger of venom (9)]
 12228 | Lair:1   | 12228 ||| READING 2 scrolls of teleportation.
 12228 | Lair:1   | Succumbed to Sonja's poison

Levels and vault maps discovered:
D:1:      dpeg_cavernosity, layout_rooms,
          hellmonk_ecumenical_altar_leap_of_faith
D:2:      layout_rooms, serial_shops, nicolae_shop_crystal,
          guppyfry_early_lair_pool, uniq_sigmund, uniq_terence
D:3:      layout_loops_corners, uniq_jessica, uniq_crazy_yiuf_cottage
D:4:      layout_gridville, small_statue_intersection,
          minmay_a_box_with_orc_wizards_in_it
D:5:      minmay_chambers_of_fours, layout_loops_corners,
          mainiacjoe_overflow_surrounded_room
D:6:      layout_loops_ring, mainiacjoe_overflow_paths
D:7:      layout_layer_cave, grunt_dithmenos_smoke_and_mirrors,
          kennysheep_mini_moat, minmay_temple_entry_junction, uniq_joseph
D:8:      layout_basic, vehumet_crystals, serial_shops,
          nicolae_shop_temple_entry_statues_fountains, uniq_prince_ribbit1,
          uniq_grum
D:9:      layout_basic, good_gods_temple_1, mainiacjoe_overflow_alcove_1,
          hangedman_tell_no_tales
D:10:     layout_roguey, david_lair_shrubbed, orc_david_3, uniq_erolcha
Lair:1:   layout_regular_city, beast_lair_carwin_1, grunt_megastairs_4,
          serial_bayou_shore_b, uniq_sonja

Skill      XL: |  1  2  3  4  5  6  7  8  9 10 11 |
---------------+----------------------------------+-----
Axes           | 4 5 7 8 9 10 11 13 15 16 | 16.0
Fighting       | 4 5 6 9 11 | 11.2
Armour         | 3 5 6 8 9 |  9.8
Dodging        | 3 4 5 6 |  6.0
Throwing       | 2 3 |  3.1

Action                   |  1- 3 |  4- 6 |  7- 9 | 10-12 || total
-------------------------+-------+-------+-------+-------++-------
Melee: Hand axe          |    67 |    79 |    37 |       ||   183
       Headbutt          |    10 |     7 |    44 |    53 ||   114
       War axe           |       |       |   157 |   237 ||   394
       Punch             |       |       |     3 |     2 ||     5
Throw: Javelin           |       |       |    20 |    11 ||    31
       Boomerang         |       |       |    10 |    16 ||    26
Invok: Berserk           |     4 |     4 |    13 |    10 ||    31
       Trog's Hand       |       |       |       |     4 ||     4
  Use: Scroll            |     2 |     9 |     8 |     8 ||    27
       Potion            |     1 |       |     7 |     3 ||    11
 Stab: Sleeping          |     1 |       |       |       ||     1
Armor: Animal skin       |     5 |       |       |       ||     5
       Ring mail         |     3 |     3 |       |       ||     6
       Chain mail        |       |    17 |    22 |       ||    39
       Plate armour      |       |       |    89 |   115 ||   204
Dodge: Dodged            |    23 |    23 |    64 |    81 ||   191
Block: Other             |       |       |     1 |    42 ||    43
       Reflection        |       |       |       |     1 ||     1

Table legend:
 A = Non-vault XP
 B = Vault XP
 C = Vault XP percentage of total XP
 D = Non-vault monster count
 E = Vault monster count
 F = Vault count percentage of total count
                 A         B        C        D         E       F
            +---------+---------+-------+---------+---------+-------
      Total |   13832 |    4545 |  24.7 |     206 |      40 |  16.3
            +---------+---------+-------+---------+---------+-------
        D:1 |      43 |       7 |  14.0 |      23 |       4 |  14.8
        D:2 |      16 |     267 |  94.3 |       9 |       2 |  18.2
        D:3 |      53 |      76 |  58.9 |      20 |       2 |   9.1
        D:4 |     594 |     141 |  19.2 |      33 |       4 |  10.8
        D:5 |     936 |     263 |  21.9 |      33 |       6 |  15.4
        D:6 |     637 |       0 |   0.0 |      11 |       0 |   0.0
        D:7 |     858 |     475 |  35.6 |      13 |       1 |   7.1
        D:8 |    1710 |     722 |  29.7 |      13 |       4 |  23.5
        D:9 |    2854 |     394 |  12.1 |      16 |       7 |  30.4
       D:10 |    1714 |    1649 |  49.0 |      20 |       8 |  28.6
     Lair:1 |       0 |     551 | 100.0 |       0 |       2 | 100.0
    Abyss:1 |    4417 |       0 |   0.0 |      15 |       0 |   0.0
            +---------+---------+-------+---------+---------+-------
